 Dungeon Crawl Stone Soup version 0.27-a0-1065-ge809cff456 (webtiles) character file.

Game seed: 12819065348833481700

296 pokeman the Magician (level 6, -1/34 HPs)
             Began as a Deep Elf Hedge Wizard on Apr 22, 2021.
             Slain by an ufetubus (2 damage)
             ... on level 4 of the Dungeon.
             The game lasted 00:10:58 (4122 turns).

pokeman the Magician (Deep Elf Hedge Wizard)        Turns: 4122, Time: 00:10:59

Health: -1/34      AC:  5    Str:  7    XL:     6   Next: 12%
Magic:  5/17       EV: 12    Int: 21    God:
Gold:   235        SH:  0    Dex: 14    Spells: 7/18 levels left

rFire    + . .     SeeInvis .   a - +6 club
rCold    + . .     Faith    .   (no shield)
rNeg     . . .     Spirit   .   m - +1 leather armour {rPois}
rPois    +         Reflect  .   t - +0 helmet
rElec    .         Harm     .   (no cloak)
rCorr    .         Rampage  .   (no gloves)
Will     .....                  (no boots)
Stlth    ++........             (no amulet)
HPRegen  0.11/turn              d - ring of protection from cold
MPRegen  0.15/turn              h - ring of protection from fire

@: very slightly contaminated
A: no striking features
a: no special abilities


You were on level 4 of the Dungeon.
You visited 1 branch of the dungeon, and saw 4 of its levels.

You collected 235 gold pieces.

Inventory:

Hand Weapons
 a - a +6 club (weapon)
 q - a +2 short sword of distortion
 r - a +0 whip of electrocution
Missiles
 j - 62 arrows
 k - 4 curare-tipped darts
Armour
 m - a +1 leather armour of poison resistance (worn)
 t - a +0 helmet (worn)
Magical Staves
 b - a staff of poison
Jewellery
 d - a ring of protection from cold (left hand)
 h - a ring of protection from fire (right hand)
 n - a ring of flight
 s - a ring of positive energy
Scrolls
 e - a scroll of noise {unknown}
 f - 2 scrolls of identify {unknown}
 l - 2 scrolls of enchant armour {unknown}
 o - a scroll of silence {unknown}
 p - a scroll of teleportation {unknown}
Potions
 g - a potion of brilliance {unknown}
 i - 2 potions of mutation {unknown}


   Skills:
 - Level 1.0 Fighting
 - Level 1.0 Armour
 - Level 3.0 Dodging
 - Level 3.0 Stealth
 * Level 6.8 Spellcasting
 + Level 3.0 Conjurations
 - Level 1.1 Summonings
 - Level 1.1 Translocations
 - Level 1.3 Fire Magic
 + Level 0.8 Air Magic
 + Level 0.3 Poison Magic
 - Level 1.0 Evocations


You had 7 spell levels left.
You knew the following spells:

 Your Spells              Type           Power      Damage    Failure   Level
a - Magic Dart            Conj           76%        1d6       3%          1
b - Mephitic Cloud        Conj/Pois/Air  12%        N/A       22%         3
c - Call Imp              Summ           11%        N/A       13%         2
d - Blink                 Tloc           N/A        N/A       13%         2
e - Conjure Flame         Conj/Fire      16%        6-21      16%         3

Your spell library contained the following spells:

 Spells                   Type           Power      Damage    Failure   Level
 Slow                     Hex            7%         N/A       21%         2


Dungeon Overview and Level Annotations

Branches:
Dungeon (4/15)
 Temple: D:4-7

Altars:
Gozag
Trog

Shops:
D:3 **[


Message History

The ball explodes into a vile cloud!
The stinking cloud engulfs the black bear but does no damage.
The stinking cloud engulfs you but does no damage.
You hear a shout!
The black bear is engulfed in noxious fumes.
The black bear appears confused.
An ufetubus comes into view.
Unknown command.
A jelly comes into view.
The black bear is engulfed in noxious fumes.
The black bear appears confused.
The black bear closely misses you. The black bear barely misses you.
The black bear closely misses you.
You hit the black bear.
The black bear is lightly wounded.
The black bear is engulfed in noxious fumes.
The black bear appears confused.
The black bear bites you! The black bear barely misses you.
The black bear claws you.
Unknown command.
The ufetubus hits you.
* * * LOW HITPOINT WARNING * * *
The ufetubus hits you.
* * * LOW HITPOINT WARNING * * *
The black bear is engulfed in noxious fumes.
The black bear appears confused.
The ufetubus hits you.
* * * LOW HITPOINT WARNING * * *
The ufetubus misses you.
The ufetubus hits you but does no damage.
The ufetubus hits you.
* * * LOW HITPOINT WARNING * * *
The black bear is engulfed in noxious fumes.
The black bear appears confused.
Something bites the jelly!
Something claws the jelly. x2
The jelly is killed!
The ufetubus hits you but does no damage.
The ufetubus closely misses you.
There is a stone staircase leading up here.
The ufetubus closely misses you. The ufetubus hits you.
* * * LOW HITPOINT WARNING * * *
The ufetubus hits you.
You die...

.#. ......#
.... #..#..
.....##..#..
......"..#.#
.. #h##.####
....##.##.##.+
#......(..##
#.#..5.....#
#.####@##### >
#.# .. ..# ##
####


You could see a black bear (confused) and an ufetubus.

Vanquished Creatures
  A kobold brigand (D:3)
  A jelly (D:4)
  Jessica (D:3)
  Natasha (thrice) (D:2)
  3 gnolls (D:2)
  Robin (D:3)
  2 adders (D:2)
  2 worms
  3 dart slugs
  An orc (D:3)
  5 endoplasms
  A giant cockroach (D:1)
  8 hobgoblins
  A quokka (D:3)
  2 ball pythons
  A bat (D:3)
  A frilled lizard (D:3)
  13 goblins
  8 kobolds
  3 rats
61 creatures vanquished.

Vanquished Creatures (collateral kills)
  The ghost of Splishie the Firebug, a weakling GnWn (D:3)
  4 kobolds (D:3)
5 creatures vanquished.

Vanquished Creatures (others)
  A fungus (D:3)
  3 plants (D:3)
4 creatures vanquished.

Grand Total: 70 creatures vanquished

Notes
Turn   | Place    | Note
-------+----------+-------------------------------------------
     0 | D:1      | pokeman the Deep Elf Hedge Wizard began the quest for the
                  | Orb.
     0 | D:1      | Reached XP level 1. HP: 10/10 MP: 7/7
   751 | D:1      | Reached XP level 2. HP: 15/15 MP: 2/9
   937 | D:1      | Found a faded altar of an unknown god.
  1076 | D:2      | Reached skill level 5 in Spellcasting
  1215 | D:2      | Reached XP level 3. HP: 8/20 MP: 5/11
  1219 | D:2      | Learned a level 3 spell: Mephitic Cloud
  1222 | D:2      | Learned a level 2 spell: Call Imp
  1225 | D:2      | Learned a level 2 spell: Blink
  1229 | D:2      | Learned a level 3 spell: Conjure Flame
  1536 | D:2      | Found an opulent altar of Gozag.
  1556 | D:2      | Reached skill level 1 in Fighting
  1556 | D:2      | Reached skill level 1 in Armour
  2216 | D:2      | Reached XP level 4. HP: 25/25 MP: 4/13
  2297 | D:2      | Noticed Natasha
  2307 | D:2      | Killed Natasha
  2623 | D:2      | Noticed Natasha
  2631 | D:2      | Killed Natasha
  2632 | D:2      | Reached skill level 1 in Fire Magic
  2742 | D:2      | Noticed Natasha
  2752 | D:2      | Killed Natasha
  2753 | D:2      | Reached skill level 6 in Spellcasting
  2753 | D:2      | Reached XP level 5. HP: 11/29 MP: 5/15
  2838 | D:3      | Noticed Jessica
  2843 | D:3      | Killed Jessica
  2961 | D:3      | Found Vudoanac's Assorted Antiques.
  3003 | D:3      | Found a bloodstained altar of Trog.
  3205 | D:3      | Found Suerph's General Store.
  3331 | D:3      | Noticed Robin
  3366 | D:3      | Reached skill level 1 in Evocations
  3645 | D:3      | Found a runed translucent gate.
  3645 | D:3      | Found a runed translucent gate.
  3645 | D:3      | Noticed Splishie's ghost (weakling GnWn)
  3646 | D:3      | Found a runed translucent gate.
  3662 | D:3      | Found Aget's Armour Emporium.
  3807 | D:3      | Killed Splishie's ghost
  3839 | D:3      | Reached XP level 6. HP: 32/34 MP: 3/17
  4016 | D:3      | Killed Robin
  4122 | D:4      | HP: 1/34 [ufetubus (1)]
  4122 | D:4      | Slain by an ufetubus

Illustrated notes

Levels and vault maps discovered:
D:1:      tarquinn_simple_flora_water_e, layout_basic,
          hellmonk_ecumenical_altar_prayer_group, serial_bayou_crossing
D:2:      layout_rooms, basic_altar, chequers_avenue, serial_bayou_pond_e,
          uniq_natasha
D:3:      layout_rooms, trog_butcher_becter, serial_shops, shop,
          nicolae_shop_stone, shop_statue, gammafunk_ghost_nasty_kobolds,
          uniq_robin, uniq_jessica
D:4:      layout_loops_ring, cheibrodos_worm_habitat,
          pdpol_temple_overflow_zin_treasury_gozag_greed, serial_shops,
          nicolae_shop_trees

Skill      XL: |  1  2  3  4  5  6 |
---------------+-------------------+-----
Spellcasting   | 5 6 |  6.8
Fighting       | 1 |  1.0
Armour         | 1 |  1.0
Conjurations   | 2 3 |  3.0
Fire Magic     | 1 |  1.3
Dodging        | 3 |  3.0
Evocations     | 1 |  1.0
Stealth        | 3 |  3.0
Summonings     | |  1.1
Translocations | |  1.1
Air Magic      | |  0.8
Poison Magic   | |  0.3

Action                   |  1- 3 |  4- 6 || total
-------------------------+-------+-------++-------
Melee: Dagger            |     6 |       ||     6
       Staff             |       |     4 ||     4
       Club              |       |     3 ||     3
 Cast: Magic Dart        |   102 |    88 ||   190
       Mephitic Cloud    |     1 |     8 ||     9
       Blink             |     1 |       ||     1
       Call Imp          |       |     4 ||     4
Armor: Leather armour    |     1 |     9 ||    10
Dodge: Dodged            |    14 |    21 ||    35

Table legend: (Time is in decaauts)
 A = Elapsed time spent in this place.
 B = Non-inter-level travel time spent in this place.
 C = Inter-level travel time spent in this place.
 D = Time resting spent in this place.
 E = Time spent auto-exploring this place.
 F = Levels seen in this place.
 G = Mean time per level.
                   A        B        C        D        E       F      G
               +--------+--------+--------+--------+--------+-----+--------+
         Total |   4133 |   4009 |    124 |    372 |   3000 |   4 | 1033.2 |
       Dungeon |   4133 |   4009 |    124 |    372 |   3000 |   4 | 1033.2 |
               +--------+--------+--------+--------+--------+-----+--------+

Top non-repeatable levels by time:
     D:2: 1842 daAuts
     D:3: 1166 daAuts
     D:1: 1097 daAuts
     D:4: 27 daAuts
